 Dungeon Crawl Stone Soup version 0.20.0-8-g6b59dc7 (webtiles) character file.

7023 Angani the Spry (level 10, -6/43 HPs)
             Began as a Felid Transmuter on May 29, 2017.
             Was an Elder of Ru.
             Mangled by a wyvern (19 damage)
             ... on level 4 of the Lair of Beasts.
             The game lasted 01:33:24 (28845 turns).

Angani the Spry (Felid Transmuter)                 Turns: 28845, Time: 01:33:25

Health: -6/43      AC:  5    Str:  6    XL:     10   Next: 82%
Magic:  4/17       EV: 32    Int: 18    God:    Ru [****..]
Gold:   773        SH:  0    Dex: 20    Spells: 2/18 levels left
                                        Lives:  0   Deaths: 3

rFire    . . .     SeeInvis +     - Unarmed
rCold    + . .     Gourm    .   (shield unavailable)
rNeg     . . .     Faith    .   (armour unavailable)
rPois    .         Spirit   .   (helmet unavailable)
rElec    .         Reflect  .   (cloak unavailable)
rCorr    +         Harm     .   (gloves unavailable)
MR       +....                  (boots unavailable)
Stlth    +++.......             (no amulet)
Regen    0.2/turn               d - ring of resist corrosion
MPRegen  0.2/turn               u - ring of wizardry

@: blade paws, quick
A: no armour, no weapons or thrown items, stealth, claws 1, fangs 3, thin
metallic scales 1, see invisible, agile 1, carnivore 3, speed 1, shaggy fur 3,
slow metabolism 1, unskilled 1, inexperienced 1, missing an eye
a: End Transformation, Draw Out Power, Power Leap, Renounce Religion


You were on level 4 of the Lair of Beasts.
You worshipped Ru.
Ru was greatly pleased with you.
You were very full.
You had blades for front paws.
You visited 3 branches of the dungeon, and saw 17 of its levels.
You also visited: Bailey and Ice Cave.

You collected 875 gold pieces.
You spent 102 gold pieces at shops.

Inventory:

Missiles
 w - 60 arrows
Jewellery
 d - a ring of resist corrosion (left scythe-like blade)
 u - a ring of wizardry (right scythe-like blade)
Wands
 j - a wand of paralysis (19/24)
 v - a wand of lightning (6/15)
 y - a wand of clouds (5/9)
 B - a wand of disintegration (20/24)
Scrolls
 e - 10 scrolls of remove curse
 f - 4 scrolls of magic mapping
 h - 6 scrolls of teleportation
 i - 4 scrolls of recharging
 m - 3 scrolls of immolation
 n - 5 scrolls of fog
 p - 3 scrolls of amnesia
 t - 3 scrolls of blinking
Potions
 a - a potion of magic
 k - a potion of cancellation {unknown}
 l - 2 potions of might
 q - a potion of flight
 r - 2 potions of lignification
 s - a potion of invisibility
 z - a potion of haste
 C - a potion of heal wounds
 D - 2 potions of brilliance
 E - a potion of curing
 F - 3 potions of agility
Books
 b - a book of Changes

   Spells                             Type                      Level
   a - Beastly Appendage              Transmutation                1
   b - Sticks to Snakes               Transmutation                2
   c - Spider Form                    Transmutation/Poison         3
   d - Ice Form                       Ice/Transmutation            4
   e - Blade Hands                    Transmutation                5
 A - a book of Debilitation

   Spells                             Type                      Level
   a - Corona                         Hexes                        1
   b - Slow                           Hexes                        2
   c - Inner Flame                    Hexes/Fire                   3
   d - Portal Projectile              Hexes/Translocation          3
   e - Cause Fear                     Hexes                        4
   f - Leda's Liquefaction            Hexes/Earth                  4
Miscellaneous
 x - a phantom mirror
Comestibles
 c - 15 meat rations
 g - 10 royal jellies


   Skills:
 - Level 4.5 Fighting
 - Level 15.0 Dodging
 - Level 7.0 Stealth
 - Level 9.2 Unarmed Combat
 + Level 4.6 Spellcasting
 - Level 4.6 Hexes
 - Level 10.0 Transmutations
 - Level 3.0 Ice Magic
 - Level 3.9 Poison Magic


You had 2 spell levels left.
You knew the following spells:

 Your Spells              Type           Power        Failure   Level  Hunger
a - Beastly Appendage     Tmut           #####.       3%          1    None
b - Sticks to Snakes      Tmut           #####...     4%          2    #......
c - Spider Form           Tmut/Pois      ####......   9%          3    ###....
d - Confusing Touch       Hex            ###...       9%          1    None
e - Ice Form              Ice/Tmut       ####....     21%         4    ####...
f - Blade Hands           Tmut           #####.....   16%         5    ######.


Dungeon Overview and Level Annotations

Branches:
Dungeon (12/15)            Temple (1/1) D:4            Lair (4/6) D:11
 Shoals (0/4) Lair:4        Snake (0/4) Lair:3          Orc (0/2) D:9

Altars:
Ashenzari
Cheibriados
Dithmenos
Elyvilon
Fedhas
Gozag
Hepliaklqana
Kikubaaqudgha
Makhleb
Nemelex Xobeh
Okawaru
Qazlal
Ru
Sif Muna
Trog
Uskayaw
Vehumet
Xom
Yredelemnul
Zin
The Shining One

Shops:
D:5 ?

Annotations:
D:4 IsvaffelMax's ghost, novice DDCj
D:6 eXcel's ghost, novice GrEE
D:7 Darkell's ghost, novice TeGl
D:11 Gastronok


Innate Abilities, Weirdness & Mutations

You cannot wear armour.
You are incapable of wielding weapons or throwing items.
Your paws allow you to move quietly. (Stealth)
You have sharp claws.
You have razor-sharp teeth.
You have supernaturally acute eyesight. (SInv)
You are carnivorous and can eat meat at any time.
You cover ground quickly.
Your thick and shaggy fur keeps you warm. (AC +3, rC+)
You have a slow metabolism.
You are somewhat unskilled. (-1 Apt)
You are somewhat inexperienced. (-2 XL)
((Your sharp claws are effective at attacking unaware monsters.))
You are missing an eye, making it more difficult to aim.
You are partially covered in thin metallic scales. (AC +2)
You are agile. (Dex +2)


Message History

Your adder bites the merfolk. x2; The merfolk looks even sicker.
Your adder poisons the merfolk!
The merfolk hits your adder with a trident.
The merfolk struggles to escape constriction.
Your ball python bites the merfolk.
Your ball python constricts the merfolk.
Your adder bites the merfolk but does no damage.
Your adder bites the merfolk.
The merfolk looks as sick as possible!
Your adder poisons the merfolk!
Something closely misses your adder.
Your adder bites the merfolk.
A wyvern comes into view.
Your ball python bites the merfolk but does no damage.
Your ball python grabs the merfolk.
Your ball python constricts the merfolk.
Something hits your ball python!!
Your ball python dies!
Unknown command.
Your scythe-like blades stop glowing.
The wyvern bites you!!
You die...

**,,,,,***********,,,,,,,,...
**,,*** *,,,,,,,,... *,,,**
**,,*,,,,,... **,,,*
*,,,,,,,,,... *,,,*
*####*,,,,,,,,... **,,**
####.#P#*,,***,,*... *,,,*
#......,,,,*,,≈*,... **,,*
*#.#.#***,**,≈,*,... *,,,*
##l@#* **,*,,≈**,... *,,,*
#...####,**,≈≈*,,...
**,,######S###.###.#≈**,,...
*,,......S..##...#.>≈*,,,...
***,,....P..P..#...#.#≈#*,,...
*,,,,........m##...##.m≈*,,...
*****♣......S...S...#.m≈##,...
***≈≈P≈≈≈≈≈P...(m...##.≈m#....
*≈≈≈≈≈≈≈≈P≈≈.........#..m#....


You could see a wyvern, 2 friendly adders and a friendly ball python.

Vanquished Creatures
  Snorg (Lair:3)
  Harold (D:10)
  A two-headed ogre (D:11)
  Erica (D:8)
  A death yak (Lair:2)
  An unseen horror (D:11)
  An ugly thing (D:11)
  2 centaur zombies
  Psyche (D:9)
  2 rime drakes
  2 spiny frogs
  3 komodo dragons
  3 trolls
  A polar bear (Lair:3)
  4 hornets
  5 blink frogs
  2 hippogriffs (D:10)
  4 water elementals (D:10)
  Sigmund (D:3)
  2 shadows (D:11)
  14 yaks
  2 wyverns
  6 wraiths
  A basilisk (Lair:1)
  3 hogs (D:7)
  A human (D:7)
  2 two-headed ogre zombies (D:9)
  3 nagas (Lair:3)
  8 porcupines
  4 water moccasins
  4 orc warriors
  Purgy (D:3)
  3 phantoms
  2 black bears
  3 ice beasts
  A sky beast (D:7)
  4 ogres
  11 wolves
  A necrophage (D:9)
  5 centaurs
  4 crocodiles
  2 big kobolds
  8 bullfrogs
  A water moccasin skeleton (D:11)
  7 scorpions
  4 killer bees
  14 wights
  A howler monkey (D:11)
  5 crimson imps
  A quasit (D:9)
  A bullfrog skeleton (D:9)
  2 jellies
  8 hounds
  5 iguanas
  7 orc priests
  17 orc wizards
  2 gnoll shamans
  7 worker ants
  A hound zombie (D:10)
  2 hound skeletons
  2 worker ant zombies
  8 gnolls
  3 howler monkey skeletons
  12 adders
  2 shadow imps
  An ooze (D:4)
  An adder zombie (D:7)
  2 adder skeletons
  2 worms
  2 dart slugs (D:1)
  6 leopard geckos
  37 orcs
  7 bats
  6 giant cockroaches
  5 goblins
  7 hobgoblins
  8 jackals
  7 quokkas
  A ball python (D:2)
  A ball python skeleton (D:4)
  7 frilled lizards
  A jackal skeleton (D:3)
  15 kobolds
  2 quokka skeletons
  A quokka zombie (D:5)
  8 rats
371 creatures vanquished.

Vanquished Creatures (collateral kills)
  Josephine (D:11)
  A two-headed ogre (D:11)
  2 death yaks (Lair:2)
  Joseph (D:7)
  A spiny frog (Lair:2)
  A rime drake (Lair:4)
  A blink frog (Lair:2)
  A hippogriff (D:7)
  2 yaks
  2 water moccasins
  3 porcupines
  An orc warrior (D:6)
  3 ogres
  A jelly (D:6)
  An orc wizard (D:6)
  An ooze (D:1)
  A worm (D:2)
  2 orcs (D:6)
  2 bats
  A giant cockroach (D:1)
  2 goblins (D:1)
  A jackal (D:2)
  2 kobolds (Bailey)
34 creatures vanquished.

Vanquished Creatures (others)
  3 orcs
  A quokka (D:3)
  A bush (Lair:2)
  24 fungi
  16 plants
45 creatures vanquished.

Grand Total: 450 creatures vanquished

Notes
Turn   | Place    | Note
-------+----------+-------------------------------------------
     0 | D:1      | Angani the Felid Transmuter began the quest for the Orb.
     0 | D:1      | Reached XP level 1. HP: 9/9 MP: 4/4
   129 | D:1      | Reached XP level 2. HP: 7/12 MP: 4/6
   249 | D:1      | Learned a level 2 spell: Sticks to Snakes
   952 | D:1      | Reached XP level 3. HP: 15/15 MP: 4/7
  1004 | D:1      | Learned a level 3 spell: Spider Form
  1611 | D:2      | Learned a level 1 spell: Confusing Touch
  1831 | D:2      | Found a hazy altar of Hepliaklqana.
  1844 | D:2      | Reached skill level 1 in Poison Magic
  1869 | D:2      | Reached XP level 4. HP: 14/19 MP: 4/8
  2316 | D:2      | Reached skill level 1 in Hexes
  2763 | D:3      | Noticed Sigmund
  2791 | D:3      | Killed Sigmund
  2791 | D:3      | Reached XP level 5. HP: 22/22 MP: 3/9
  2851 | D:3      | Found a white marble altar of Elyvilon.
  2868 | D:3      | Gained mutation: You are covered in thick fur. (AC +2) [Felid growth]
  2868 | D:3      | Reached XP level 6. HP: 12/25 MP: 6/10
  3096 | D:3      | Found an ancient bone altar of Kikubaaqudgha.
  3225 | D:3      | Noticed Purgy
  3239 | D:3      | Killed Purgy
  3239 | D:3      | Reached skill level 5 in Hexes
  3826 | D:3      | Found a burning altar of Makhleb.
  4154 | D:4      | Found a staircase to the Ecumenical Temple.
  4160 | Temple   | Entered the Ecumenical Temple
  4449 | D:4      | Reached skill level 5 in Transmutations
  4449 | D:4      | Reached XP level 7. HP: 11/28 MP: 1/11
  5004 | D:3      | Learned a level 4 spell: Ice Form
  5027 | D:4      | Found a sparkling altar of Nemelex Xobeh.
  5355 | D:4      | Noticed IsvaffelMax's ghost (novice DDCj)
  5451 | D:5      | Entered Level 5 of the Dungeon
  5651 | D:5      | Found Pubag's Magic Scroll Shop.
  5657 | D:5      | Bought a scroll of magic mapping for 42 gold pieces
  5657 | D:5      | Bought a scroll of teleportation for 36 gold pieces
  5657 | D:5      | Bought a scroll of identify for 24 gold pieces
  5796 | D:5      | Found a sacrificial altar of Ru.
  5805 | D:5      | Became a worshipper of Ru the Awakened
  6013 | D:5      | Found a glowing golden altar of the Shining One.
  6070 | D:5      | Reached skill level 1 in Ice Magic
  6429 | D:6      | Noticed eXcel's ghost (novice GrEE)
  6477 | D:6      | Reached XP level 8. HP: 24/32 MP: 12/12
  7529 | D:6      | Shot with an arrow by a centaur
  7530 | D:6      | Reached XP level 7. HP: -8/28 MP: 11/11
  8487 | D:7      | Noticed Darkell's ghost (novice TeGl)
  8552 | D:7      | Gained mutation: You are missing an eye, making it more difficult to aim. [Ru sacrifice]
  8552 | D:7      | Reached * piety under Ru
  8777 | D:7      | Reached skill level 3 in Dodging
  8824 | D:7      | Reached XP level 8. HP: 30/32 MP: 6/12
  9415 | D:7      | Reached skill level 4 in Dodging
  9426 | D:7      | Reached skill level 5 in Dodging
  9647 | D:7      | Slain by a hog
  9648 | D:7      | Reached XP level 7. HP: 0/28 MP: 3/11
  9689 | D:7      | Reached skill level 6 in Dodging
 10087 | D:7      | Noticed Joseph
 10106 | D:7      | Noticed a hippogriff
 10113 | D:7      | Killed Joseph
 10113 | D:7      | Reached skill level 7 in Dodging
 10113 | D:7      | Reached XP level 8. HP: 27/32 MP: 3/12
 10118 | D:7      | Killed a hippogriff
 10521 | D:8      | Reached skill level 8 in Dodging
 10569 | D:8      | Found a flagged portal.
 10577 | Bailey   | Entered a bailey
 11685 | D:7      | Reached skill level 5 in Unarmed Combat
 11731 | D:7      | Reached skill level 9 in Dodging
 11964 | D:8      | Noticed Erica
 11988 | D:8      | Reached XP level 9. HP: 35/35 MP: 7/13
 11996 | D:8      | Killed Erica
 11996 | D:8      | Reached skill level 10 in Dodging
 12700 | D:8      | Found a blossoming altar of Fedhas.
 12700 | D:8      | Found a shimmering altar of Xom.
 13463 | D:9      | Noticed Psyche
 13491 | D:9      | Killed Psyche
 13715 | D:9      | Found a hide-covered altar of Uskayaw.
 14103 | D:9      | Found a staircase to the Orcish Mines.
 14166 | D:9      | Learned a level 5 spell: Blade Hands
 14471 | D:9      | Noticed a troll
 14489 | D:9      | Killed a troll
 14489 | D:9      | Reached XP level 10. HP: 41/41 MP: 10/17
 15617 | D:9      | Found an iron altar of Okawaru.
 15617 | D:9      | Found a basalt altar of Yredelemnul.
 15822 | D:10     | Entered Level 10 of the Dungeon
 15985 | D:10     | Reached skill level 5 in Fighting
 16119 | D:10     | Reached skill level 11 in Dodging
 16702 | D:10     | Reached skill level 12 in Dodging
 16907 | D:10     | Gained mutation: You are agile. (Dex +2) [potion of mutation]
 16907 | D:10     | Gained mutation: You are partially covered in thin metallic scales. (AC +2) [potion of mutation]
 17076 | D:10     | Noticed Harold
 17674 | D:10     | HP: 1/44 [Harold/trident of freezing (4)]
 17674 | D:10     | Slain by Harold
 17675 | D:10     | Reached XP level 9. HP: -1/40 MP: 7/16
 17741 | D:10     | Killed Harold
 17741 | D:10     | Reached skill level 13 in Dodging
 17741 | D:10     | Reached XP level 10. HP: 38/44 MP: 11/17
 18110 | D:11     | Noticed an unseen horror
 18146 | D:11     | Killed an unseen horror
 18237 | D:11     | Noticed a two-headed ogre
 18256 | D:11     | Noticed a two-headed ogre
 18452 | D:11     | Reached skill level 14 in Dodging
 18758 | D:11     | Noticed Gastronok
 19022 | D:11     | Noticed a red ugly thing
 19036 | D:11     | Killed a red ugly thing
 19085 | D:11     | Killed a two-headed ogre
 19092 | D:11     | Reached skill level 15 in Dodging
 19386 | D:11     | Killed a two-headed ogre
 19417 | D:10     | Reached XP level 11. HP: 20/47 MP: 6/18
 19660 | D:11     | Noticed Josephine
 21669 | D:11     | Killed Josephine
 21914 | D:11     | Reached skill level 10 in Unarmed Combat
 22046 | D:11     | Found a staircase to the Lair.
 22051 | Lair:1   | Entered Level 1 of the Lair of Beasts
 23660 | Lair:2   | Noticed a death yak
 23686 | Lair:2   | Gained mutation: You are somewhat unskilled. (-1 Apt) [Ru sacrifice]
 23686 | Lair:2   | Reduced skill Dodging to level 13
 23686 | Lair:2   | Reached ** piety under Ru
 23864 | Lair:2   | Noticed a death yak
 23889 | Lair:2   | Noticed a death yak
 23900 | Lair:2   | Noticed a death yak
 23922 | Lair:2   | Killed a death yak
 23955 | Lair:2   | Killed a death yak
 24008 | Lair:2   | HP: 2/46 [blink frog (14)]
 24624 | Lair:2   | Reached skill level 10 in Transmutations
 24658 | Lair:2   | Reached skill level 14 in Dodging
 24952 | Lair:2   | Killed a death yak
 25568 | Lair:2   | Gained mutation: Your thick and shaggy fur keeps you warm. (AC +3, rC+) [Felid growth]
 25568 | Lair:2   | Reached XP level 12. HP: 50/50 MP: 13/18
 26267 | Lair:2   | Reached skill level 15 in Dodging
 27471 | Lair:3   | Noticed Snorg
 27523 | Lair:3   | Killed Snorg
 27523 | Lair:3   | Reached skill level 5 in Stealth
 27642 | Lair:3   | Found a staircase to the Snake Pit.
 28078 | Lair:4   | Gained mutation: You are somewhat inexperienced. (-2 XL) [Ru sacrifice]
 28078 | Lair:4   | Reached XP level 11. HP: 46/46 MP: 17/17
 28078 | Lair:4   | Reached XP level 10. HP: 43/43 MP: 16/16
 28078 | Lair:4   | Reached *** piety under Ru
 28078 | Lair:4   | Reached **** piety under Ru
 28083 | Lair:4   | Noticed a death yak
 28334 | Lair:4   | Found a frozen archway.
 28346 | IceCv    | Entered an ice cave
 28694 | Lair:4   | Noticed a spiny frog
 28719 | Lair:4   | Killed a spiny frog
 28803 | Lair:4   | Found a staircase to the Shoals.
 28845 | Lair:4   | Mangled by a wyvern

Skill      XL: |  1  2  3  4  5  6  7  8  9 10 11 12 |
---------------+-------------------------------------+-----
Transmutations | 3 4 5 7 8 10 | 10.0
Poison Magic   | 1 2 3 4 3 |  3.9
Hexes          | 4 5 4 |  4.6
Ice Magic      | 3 2 |  3.0
Dodging        | 7 9 13 15 14 15 | 15.0
Unarmed Combat | 4 5 7 9 |  9.2
Spellcasting   | 4 4 3 |  4.6
Fighting       | 2 5 4 |  4.5
Stealth        | 7 6 |  7.0

Action                   |  1- 3 |  4- 6 |  7- 9 | 10-12 || total
-------------------------+-------+-------+-------+-------++-------
Melee: Unarmed           |   129 |   143 |   720 |   949 ||  1941
       Headbutt          |    14 |       |    14 |       ||    28
       Bite              |    11 |     9 |    19 |   116 ||   155
       Punch             |       |       |     5 |    32 ||    37
 Cast: Beastly Appendage |    12 |     3 |     9 |     1 ||    25
       Sticks to Snakes  |    13 |     7 |    49 |    85 ||   154
       Confusing Touch   |       |    10 |    68 |   145 ||   223
       Spider Form       |       |     7 |    59 |       ||    66
       Ice Form          |       |       |     3 |       ||     3
       Blade Hands       |       |       |     1 |   108 ||   109
Invok: Sacrifice an Eye  |       |       |     1 |       ||     1
       Reject Sacrifices |       |       |     1 |       ||     1
       Sacrifice Experie |       |       |       |     1 ||     1
       Sacrifice Skill   |       |       |       |     1 ||     1
 Abil: End Transformatio |       |       |     2 |       ||     2
Evoke: Wand              |       |       |       |     1 ||     1
  Use: Scroll            |       |     8 |     5 |    16 ||    29
       Potion            |       |       |     6 |     3 ||     9
 Stab: Distracted        |     4 |       |       |     5 ||     9
       Sleeping          |       |    10 |     6 |     2 ||    18
       Confused          |       |     8 |    45 |   101 ||   154
  Eat: Chunk             |    10 |     7 |    38 |    73 ||   128
Armor: Skin              |     9 |     7 |    41 |    24 ||    81
Dodge: Dodged            |   153 |    90 |   528 |   731 ||  1502
